 Dungeon Crawl Stone Soup version 0.17.1-1-g73c8601 (webtiles) character file.

707 Implojin the Ruffian (level 7, 0/108 HPs)
             Began as a Troll Monk on Apr 8, 2016.
             Slain by a giant frog (3 damage)
             ... on level 6 of the Dungeon.
             The game lasted 00:06:27 (1029 turns).

Implojin the Ruffian (Troll Monk)                   Turns: 1029, Time: 00:06:27

Health: 0/108      AC: 23    Str: 20    XL:     7   Next: 40%
Magic:  6/6        EV:  1    Int:  6    God:
Gold:   99         SH:  0    Dex: 14    Spells: 0 memorised, 6 levels left

rFire  . . .     SeeInvis .       - Unarmed
rCold  . . .     Clarity  .     (armour currently unavailable)
rNeg   + + +     SustAt   .     (no shield)
rPois  +         Gourm    +     (helmet currently unavailable)
rElec  .         Spirit   .     (cloak currently unavailable)
rCorr  .         Warding  .     (gloves unavailable)
rMut   .         NoTele   +     (boots unavailable)
MR     .....                    (no amulet)
Stlth  ++........               (no ring)
                                (no ring)

@: tree-form, not resistant to hostile enchantments, unstealthy
A: unfitting armour, (claws 0), fast metabolism 3, gourmand, regeneration 2,
(shaggy fur 0), (tough skin 0)
a: no special abilities


You were on level 6 of the Dungeon.
You were very full.
You were a tree.
You visited 1 branch of the dungeon, and saw 6 of its levels.

You collected 99 gold pieces.

Inventory:

Missiles
 g - a throwing net
 u - 5 javelins of returning (quivered)
Armour
 a - a +0 robe (melded)
 f - a +0 robe of magic resistance
Jewellery
 r - an uncursed amulet of the gourmand {unknown}
Scrolls
 c - a scroll of teleportation
 h - 2 scrolls of random uselessness {unknown}
 i - a scroll of fear {unknown}
 l - a scroll of amnesia {unknown}
 m - 2 scrolls of remove curse {unknown}
 n - a scroll of enchant armour {unknown}
 o - a scroll of blinking {unknown}
 q - a scroll of recharging {unknown}
 t - a scroll of immolation {unknown}
Potions
 p - a potion of cancellation {unknown}
 s - a potion of heal wounds {unknown}
Comestibles
 b - 4 bread rations
 j - 2 fruits
 k - 2 chunks of flesh


   Skills:
 - Level 5.0 Fighting
 - Level 2.4 Dodging
 - Level 1.1 Stealth
 * Level 7.4 Unarmed Combat


You had 6 spell levels left.
You didn't know any spells.

Dungeon Overview and Level Annotations

Branches:
Dungeon (6/15)
 Temple: D:4-7

Altars:
Nemelex Xobeh
Ru


Innate Abilities, Weirdness & Mutations

You are too large for most types of armour.
((You have claws for hands.))
Your metabolism is lightning-fast.
You like to eat raw meat.
You heal very quickly.
((You are covered in fur (AC +1).))
((You have very tough skin (AC +2).))


Message History

The giant frog croaks.
The centaur shoots an arrow.
The arrow hits you!
* * * LOW HITPOINT WARNING * * *
You see here an arrow.
You scratch the giant frog.
The giant frog is lightly wounded.
The giant frog hits you!
* * * LOW HITPOINT WARNING * * *
The giant frog hits you.
* * * LOW HITPOINT WARNING * * *
You miss the giant frog.
The giant frog is lightly wounded.
The giant frog hits you.
* * * LOW HITPOINT WARNING * * *
You claw the giant frog!
The giant frog is heavily wounded.
The giant frog barely misses you.
Unknown command.
You scratch the giant frog.
The giant frog is heavily wounded.
The giant frog hits you.
* * * LOW HITPOINT WARNING * * *
The centaur shoots an arrow.
The arrow hits you!
* * * LOW HITPOINT WARNING * * *
The crimson imp hits you.
* * * LOW HITPOINT WARNING * * *
The giant frog hits you!
* * * LOW HITPOINT WARNING * * *
Unknown command.
Drink which item? (? for menu, Esc to quit)
It was a potion of lignification.
You turn into a tree.
Your +0 robe melds into your body.
Your roots penetrate the ground.
The giant frog hits you but does no damage.
The centaur shoots an arrow.
The arrow barely misses you.
The crimson imp blinks!
Unknown command.
You completely miss the giant frog.
The giant frog is heavily wounded.
The giant frog hits you.
You die...

#.........
#..Fr....
#####....[..##
#..##......(.#
##...######r..#.#.
###..#.#
#c........
#...##.##
##F##...###
#.####..###..#
...... #.#
##.§♣#.## ...##.
#.# ###.F5## .#...
. ##.#
##c..#..#.... #..#
##.....# ... ##.##
##......# #..#
#...##.... #.##
#<#.# .... #.#
#.#....... #.#
##.#.....##


You could see a giant frog, a centaur and a crimson imp.

Vanquished Creatures
  Duvessa (D:6)
  A sky beast (D:5)
  A black bear (D:5)
  A centaur (D:6)
  Dowan (D:6)
  A scorpion (D:6)
  A jelly (D:5)
  A hound (D:4)
  An orc wizard (D:3)
  A worker ant (D:4)
  A hound skeleton (D:6)
  A worker ant zombie (D:5)
  5 adders
  An adder zombie (D:5)
  A worm (D:2)
  2 giant geckos
  4 orcs
  4 hobgoblins
  3 jackals (D:1)
  3 bats
  A giant newt (D:4)
  5 goblins
  3 kobolds
  A quokka zombie (D:5)
45 creatures vanquished.

Notes
Turn   | Place    | Note
--------------------------------------------------------------
     0 | D:1      | Implojin the Troll Monk began the quest for the Orb.
     0 | D:1      | Reached XP level 1. HP: 22/22 MP: 0/0
   111 | D:1      | Found a sparkling altar of Nemelex Xobeh.
   232 | D:2      | Reached XP level 2. HP: 29/29 MP: 1/1
   394 | D:3      | Reached skill level 5 in Unarmed Combat
   394 | D:3      | Reached XP level 3. HP: 16/36 MP: 2/2
   417 | D:2      | Reached XP level 4. HP: 31/44 MP: 3/3
   458 | D:3      | Found a sacrificial altar of Ru.
   586 | D:4      | Reached skill level 6 in Unarmed Combat
   623 | D:4      | Reached XP level 5. HP: 21/50 MP: 4/4
   646 | D:5      | Entered Level 5 of the Dungeon
   695 | D:5      | Noticed an orc warrior
   712 | D:5      | Noticed an ice beast
   724 | D:5      | Noticed a sky beast
   801 | D:5      | Noticed a black bear
   807 | D:5      | Killed a black bear
   807 | D:5      | Reached skill level 7 in Unarmed Combat
   807 | D:5      | Reached XP level 6. HP: 48/59 MP: 5/5
   849 | D:6      | Noticed Duvessa
   849 | D:6      | Noticed Dowan
   859 | D:6      | Killed Duvessa
   859 | D:6      | Reached skill level 3 in Fighting
   865 | D:6      | Killed Dowan
   883 | D:6      | Noticed a centaur
   893 | D:6      | HP: 3/62 [centaur (9)]
   898 | D:6      | Killed a centaur
   898 | D:6      | Reached skill level 4 in Fighting
   898 | D:6      | Reached XP level 7. HP: 2/70 MP: 6/6
   958 | D:5      | Noticed a sky beast
   969 | D:5      | Killed a sky beast
  1000 | D:6      | Reached skill level 5 in Fighting
  1014 | D:6      | Noticed a centaur
  1027 | D:6      | HP: 1/72 [giant frog (9)]
  1029 | D:6      | Slain by a giant frog

Action                   |  1- 3 |  4- 6 |  7- 9 || total
-------------------------+-------+-------+-------++-------
Melee: Unarmed           |    49 |    86 |    21 ||   156
Throw: Javelin           |       |     8 |       ||     8
       Throwing net      |       |     1 |       ||     1
  Use: Scroll            |       |     2 |       ||     2
       Potion            |       |     4 |     1 ||     5
 Stab: Sleeping          |     1 |       |     1 ||     2
  Eat: Chunk             |     9 |     4 |     1 ||    14

Table legend:
 A = Turns spent in this place as a percentage of turns spent in the entire game.
 B = Non-inter-level travel turns spent in this place as a percentage of non-inter-level travel turns spent in the entire game.
 C = Inter-level travel turns spent in this place as a percentage of turns spent in this place.
 D = Turns resting spent in this place as a percentage of non-inter-level travel turns spent in this place.
 E = Turns spent auto-exploring this place as a percentage of non-inter-level travel turns spent in this place.
 F = Non-inter-level travel turns spent in this place divided by the number of levels of this place that you've seen.
                   A       B       C       D       E      F
               +-------+-------+-------+-------+-------+----------------------
         Total | 100.0 | 100.0 |   0.0 |   0.0 |   0.0 | 165.2
       Dungeon | 100.0 | 100.0 |   0.0 |   0.0 |   0.0 | 165.2
               +-------+-------+-------+-------+-------+----------------------

Table legend:
 A = Kills in this place as a percentage of kills in entire the game.
 B = Kills by you in this place as a percentage of kills by you in the entire game.
 C = Kills by friends in this place as a percentage of kills by friends in the entire game.
 D = Other kills in this place as a percentage of other kills in the entire game.
 E = Experience gained in this place as a percentage of experience gained in the entire game.
 F = Experience gained in this place divided by the number of levels of this place that you have seen.
                   A       B       C       D       E      F
               +-------+-------+-------+-------+-------+----------------------
         Total | 100.0 | 100.0 |  -nan |  -nan | 100.0 | 168.5
       Dungeon | 100.0 | 100.0 |  -nan |  -nan | 100.0 | 168.5
               +-------+-------+-------+-------+-------+----------------------
